 Dungeon Crawl Stone Soup version 0.30-a0-989-g0d87f670db (webtiles) character file.

Game seed: 7057957105739578624

46 DeathPants the Chopper (level 3, -4/18 HPs)
             Began as a Vine Stalker Gladiator on Apr 3, 2023.
             Succumbed to a goblin's poison
             ... on level 2 of the Dungeon.
             The game lasted 00:02:32 (1041 turns).

DeathPants the Chopper (Vine Stalker Gladiator)     Turns: 1041, Time: 00:02:32

Health: -4/18      AC:  5    Str: 16    XL:     3   Next: 68%
Magic:  3/4        EV: 12    Int: 10    God:
Gold:   67         SH:  0    Dex: 15    Spells: 2/2 levels left

rFire   . . .      SeeInvis .    a - +0 war axe
rCold   . . .      Faith    .    (no shield)
rNeg    . . .      Spirit   +    b - +0 leather armour
rPois   .          Reflect  .    c - +0 helmet
rElec   .          Rampage  .    (no cloak)
rCorr   .                        l - +0 pair of gloves
Will    .....                    (no boots)
Stlth   +                        (no amulet)
HPRegen 0.23/turn                (no ring)
MPRegen 0.09/turn                (no ring)

@: lethally poisoned (-4 -> -32)
A: fangs 2, magic shield, antimagic bite, no potion heal 2
a: no special abilities


You were on level 2 of the Dungeon.
You visited 1 branch of the dungeon, and saw 3 of its levels.

You collected 67 gold pieces.

Inventory:

Hand Weapons
 a - a +0 war axe (weapon)
Missiles
 d - 3 throwing nets (quivered)
 e - a javelin
 n - 5 poisoned darts
Armour
 b - a +0 leather armour (worn)
 c - a +0 helmet (worn)
 l - a +0 pair of gloves (worn)
Scrolls
 f - a scroll of noise {unknown}
 g - 2 scrolls of identify {unknown}
 j - a scroll of enchant weapon {unknown}
 o - a scroll of teleportation {unknown}
Potions
 h - 2 potions of curing {unknown}
 i - 2 potions of brilliance {unknown}
 k - 2 potions of heal wounds {unknown}
 m - a potion of lignification {unknown}


   Skills:
 + Level 2.2 Fighting
 * Level 3.3 Axes
 - Level 1.7 Throwing
 + Level 0.9 Armour
 + Level 2.7 Dodging


You had 2 spell levels left.
You didn't know any spells.
Your spell library contained the following spells:

 Spells                   Type           Power      Damage    Failure   Level
 Apportation              Tloc           0%         N/A       43%         1
 Magic Dart               Conj           0%         1d3       43%         1
 Call Imp                 Summ           0%         N/A       56%         2
 Mephitic Cloud           Conj/Pois/Air  0%         N/A       80%         3
 Alistair's Intoxication  Tmut/Pois      0%         N/A       100%        5


Dungeon Overview and Level Annotations

Branches:
Dungeon (3/15)

Altars:
The Shining One

Shops:
D:1 [

Annotations:
D:2 Robin


Innate Abilities, Weirdness & Mutations

You have extremely sharp teeth.
When hurt, damage is shared between your health and your magic reserves.
Your bite disrupts and absorbs the magic of your enemies.
Potions cannot restore your health.


Message History

A hobgoblin comes into view.
The hobgoblin shouts!
You hear a shout! x2
A goblin comes into view. It is wielding a +0 club.
A goblin comes into view. It is wielding a +0 dagger.
The goblin shouts!
Found a smoky silvery potion.
You hear a shout! x2
A goblin comes into view. It is wielding a +0 club. x2
Robin and a hobgoblin come into view.
The hobgoblin shouts!
A goblin comes into view. It is wielding a +3 dagger of venom.
A goblin comes into view. It is wielding a +0 club.
Robin says, "Kneel, worm!"
Robin roars a battlecry!
The goblins go into a battle-frenzy! 2 goblins come into view.
The goblin shouts! x2
A goblin comes into view. It is wielding a +0 dagger.
The hobgoblin closely misses you.
You barely miss the hobgoblin. The hobgoblin hits you.
Robin throws the goblin at you!
You barely miss the goblin. Your bite misses the goblin.
You hit the hobgoblin but do no damage. The hobgoblin misses you.
A goblin comes into view. It is wielding a +0 dagger.
The goblin hits you with a +3 dagger of venom.
You are poisoned.
The hobgoblin hits you but does no damage.
Robin says, "Duck!"
The goblin hits you with a +3 dagger of venom.
You are lethally poisoned!
You barely miss the goblin. You hit the hobgoblin.
You feel extremely sick.
The goblin hits you with a +3 dagger of venom.
* * * LOW HITPOINT WARNING * * *
You are more poisoned.
The hobgoblin barely misses you.
You hit the goblin.
The goblin is moderately wounded.
You hit the hobgoblin but do no damage.
You die... ########## #........# . #.######.# ... #.# #.# ######ggg.. ###.#### #.# #.g@ggggg..

.......# #.#
#.####ggg..
###.##.# #.#
#.# g..
#.##.###<#
#.# .
#........#
#.#
#....#####
#.########
#.####
###........#
#.#
#.....####.#
#.#
#.#.#.####.#


You could see Robin, 2 hobgoblins and 10 goblins.

Vanquished Creatures
  2 adders
  An orc (D:3)
  2 bats
  2 endoplasms (D:1)
  2 giant cockroaches
  A goblin (D:2)
  3 hobgoblins (D:1)
  2 quokkas
  6 ball pythons
  2 kobolds (D:1)
  4 rats
27 creatures vanquished.

Vanquished Creatures (others)
  A plant (D:1)
1 creature vanquished.

Grand Total: 28 creatures vanquished

Notes
Turn   | Place    | Note
-------+----------+-------------------------------------------
     0 | D:1      | DeathPants the Vine Stalker Gladiator began the quest for
                  | the Orb.
     0 | D:1      | Reached XP level 1. HP: 11/11 MP: 2/2
   109 | D:1      | Found a faded altar of an unknown god.
   116 | D:1      | Reached XP level 2. HP: 15/15 MP: 3/3
   189 | D:1      | Reached skill level 3 in Axes
   359 | D:1      | Found Gascheg's Armour Shop.
   715 | D:2      | Reached XP level 3. HP: 18/18 MP: 4/4
   725 | D:3      | Found a glowing golden altar of the Shining One.
  1036 | D:2      | Noticed Robin
  1041 | D:2      | Succumbed to a goblin's poison

Illustrated notes

Levels and vault maps discovered:
D:1:      grunt_arrival_crossed_arrows, layout_basic, serial_shops,
          nicolae_shop_waterfront, dreamdust_ecumenical_altar_grove,
          minmay_tetromino_l2
D:2:      layout_loops_corners, st_stairs_5, uniq_natasha, uniq_jessica,
          uniq_crazy_yiuf_cottage, uniq_robin
D:3:      layout_rooms, yredelemnul_altar_generic,
          mainiacjoe_overflow_cross_hatched

Skill      XL: |  1  2 |
---------------+-------+-----
Fighting       | 2 |  2.2
Axes           | 3 |  3.3
Throwing       | |  1.7
Armour         | |  0.9
Dodging        | |  2.7

Action                     || total
---------------------------++-------
  Melee: War axe           ||    47
         Bite              ||     5
 Armour: Leather armour    ||    10
  Dodge: Dodged            ||    36

Table legend: (Time is in decaauts)
 A = Elapsed time spent in this place.
 B = Non-inter-level travel time spent in this place.
 C = Inter-level travel time spent in this place.
 D = Time resting spent in this place.
 E = Time spent auto-exploring this place.
 F = Levels seen in this place.
 G = Mean time per level.
                   A        B        C        D        E       F      G
               +--------+--------+--------+--------+--------+-----+--------+
         Total |   1057 |   1034 |     23 |     23 |    745 |   3 |  352.3 |
       Dungeon |   1057 |   1034 |     23 |     23 |    745 |   3 |  352.3 |
               +--------+--------+--------+--------+--------+-----+--------+

Top non-repeatable levels by time:
     D:2: 535 daAuts
     D:1: 475 daAuts
     D:3: 46 daAuts
